 Dungeon Sprint DCSS version 0.18.1-50-g88ac8fd (webtiles) character file.

444 Kagutsuchi the Fighter (level 6, -5/99 HPs)
             Began as a Draconian Berserker on Oct 21, 2016.
             Was a Priest of Trog.
             Slain by a boulder beetle (40 damage)
             ... in the Dungeon (Sprint II: "The Violet Keep of Menkaure").
             The game lasted 00:00:43 (84 turns).

Kagutsuchi the Fighter (Draconian Berserker)          Turns: 84, Time: 00:00:43

Health: -5/99      AC:  6    Str: 25    XL:     6   Next: 72%
Magic:  6/6        EV: 16    Int:  7    God:    Trog [***...]
Gold:   486        SH:  0    Dex: 12    Spells: 0 memorised, 5 levels left

rFire  . . .     SeeInvis .     a - +0 falchion
rCold  . . .     Gourm    .     (armour unavailable)
rNeg   . . .     Faith    .     (no shield)
rPois  .         Spirit   .     (helmet restricted)
rElec  .         Dismiss  .     (no cloak)
rCorr  .         Reflect  .     (no gloves)
SustAt .         Harm     .     (no boots)
MR     .....     NoTele   +     (no amulet)
Stlth  ..........               (no ring)
                                (no ring)

@: berserking (expiring), very quick, not resistant to hostile enchantments,
extremely unstealthy
A: unfitting armour, cold-blooded, AC +6
a: Berserk, Trog's Hand, Burn Spellbooks, Renounce Religion


You were in the Dungeon.
You worshipped Trog.
Trog was most pleased with you.
You were not hungry.

You visited 1 branch You collected 486 gold pieces.

Inventory:

Hand Weapons
 a - a +0 falchion (weapon)
Scrolls
 h - a scroll of blinking
Potions
 d - a potion of heal wounds
 e - a potion of haste
 f - 2 potions of magic
 g - a potion of berserk rage
Comestibles
 b - a bread ration


   Skills:
 + Level 9.9 Fighting
 + Level 9.1 Long Blades
 + Level 7.9 Dodging
 + Level 0.2 Stealth


You had 5 spell levels left.
You didn't know any spells.

Dungeon Overview and Level Annotations

Branches:
Dungeon (1/1)

Altars:


Innate Abilities, Weirdness & Mutations

Your plain brown scales are hard (AC +6).
Your body does not fit into most forms of armour.
You are cold-blooded and may be slowed by cold attacks.


Message History

The boulder beetle is moderately wounded.
The boulder beetle completely misses you.
You hit the boulder beetle but do no damage.
The boulder beetle is moderately wounded.
The boulder beetle closely misses you.
You hit the boulder beetle but do no damage.
The boulder beetle is moderately wounded.
You hit the boulder beetle.
You tail-slap the boulder beetle, but do no damage.
The boulder beetle is moderately wounded.
The boulder beetle bites you!!
You slash the boulder beetle! You tail-slap the boulder beetle.
The boulder beetle is heavily wounded.
The boulder beetle barely misses you.
You hit the boulder beetle but do no damage.
The boulder beetle is heavily wounded.
You hit the boulder beetle but do no damage.
The boulder beetle is heavily wounded.
The boulder beetle bites you!!!
You die...

## .## ##..#
## #.†# #
##.# #'## .##
#...##.##...#
#†.<@B#
#...##B##..$#
##.# #†# .##
## #.# #
#..#..# ##.
.## ## ##


You could see 2 boulder beetles.

Vanquished Creatures
  4 necrophages (D)
  4 worker ants (D)
  2 worms (D)
10 creatures vanquished.

Vanquished Creatures (others)
  Menkaure (D)
  A crocodile (D)
2 creatures vanquished.

Grand Total: 12 creatures vanquished

Notes
Turn   | Place    | Note
--------------------------------------------------------------
     0 | D        | Kagutsuchi the Draconian Berserker began the quest for the Orb.
     0 | D        | Reached XP level 1. HP: 19/19 MP: 1/1
     1 | D        | Noticed a necrophage
     1 | D        | Noticed a necrophage
     1 | D        | Noticed a necrophage
     1 | D        | Noticed a necrophage
     5 | D        | Killed a necrophage
     5 | D        | Reached skill level 5 in Long Blades
     5 | D        | Reached skill level 5 in Dodging
     5 | D        | Reached XP level 2. HP: 31/31 MP: 2/2
     5 | D        | Reached XP level 3. HP: 38/38 MP: 3/3
     5 | D        | Reached XP level 4. HP: 45/45 MP: 4/4
    11 | D        | Killed a necrophage
    11 | D        | Reached XP level 5. HP: 52/52 MP: 5/5
    14 | D        | Killed a necrophage
    22 | D        | Killed a crocodile
    23 | D        | Killed a necrophage
    23 | D        | Reached XP level 6. HP: 53/63 MP: 6/6
    35 | D        | Reached ** piety under Trog
    58 | D        | Killed Menkaure
    63 | D        | Reached *** piety under Trog
    71 | D        | Noticed a boulder beetle
    71 | D        | Noticed a boulder beetle
    84 | D        | Slain by a boulder beetle

Skill      XL: |  1  2  3  4  5  6 |
---------------+-------------------+-----
Fighting       | 6 7 9 |  9.9
Long Blades    | 5 6 8 9 |  9.1
Dodging        | 5 6 7 |  7.9
Stealth        | |  0.2

Action                   |  1- 3 |  4- 6 || total
-------------------------+-------+-------++-------
Melee: Falchion          |     3 |    46 ||    49
       Tailslap          |       |    15 ||    15
Invok: Berserk           |     1 |     1 ||     2
  Use: Potion            |       |     1 ||     1
Armor: Skin              |       |     3 ||     3
Dodge: Dodged            |     1 |    22 ||    23
